 Dungeon Crawl Stone Soup version 0.23.2-1-ga50397a (webtiles) character file.

Game seed: 3329645473694579220

1113 whitewolfNL the Ruffian (level 8, -4/78 HPs)
             Began as a Troll Berserker on May 7, 2019.
             Was a Priest of Trog.
             Slain by a gnoll
             ... wielding a +0 whip
              (9 damage)
             ... on level 5 of the Dungeon.
             The game lasted 00:11:01 (3353 turns).

whitewolfNL the Ruffian (Troll Berserker)           Turns: 3353, Time: 00:11:02

Health: -4/78      AC:  9    Str: 26    XL:     8   Next: 12%
Magic:  7/7        EV: 11    Int:  3    God:    Trog [***...]
Gold:   191        SH:  0    Dex: 11    Spells: 7/7 levels left

rFire    . . .     SeeInvis +     - Unarmed
rCold    . . .     Gourm    +   (no shield)
rNeg     . . .     Faith    .   a - +0 animal skin
rPois    .         Spirit   .   (helmet restricted)
rElec    .         Reflect  .   (no cloak)
rCorr    .         Harm     .   (gloves unavailable)
MR       .....                  (boots unavailable)
Stlth    ++........             (no amulet)
HPRegen  0.63/turn              o - +3 ring of protection
MPRegen  0.10/turn              r - ring of see invisible

@: berserk cooldown, slowed, very slow
A: large, unfitting armour, claws 3, fast metabolism 3, gourmand, regeneration
1, shaggy fur 1, tough skin 3
a: Berserk, Trog's Hand, Renounce Religion


You were on level 5 of the Dungeon.
You worshipped Trog.
Trog was most pleased with you.
You were completely stuffed.

You visited 1 branch of the dungeon, and saw 5 of its levels.

You collected 191 gold pieces.

Inventory:

Hand Weapons
 q - a +0 dagger of flaming
Missiles
 c - 48 stones (quivered)
 m - 19 arrows
 t - 28 bolts
 v - 11 poisoned needles
 w - a throwing net
 y - 20 sling bullets
Armour
 a - a +0 animal skin (worn)
Jewellery
 o - a +3 ring of protection (left claw)
 r - a ring of see invisible (right claw)
Scrolls
 f - 4 scrolls of magic mapping {unknown}
 g - 3 scrolls of teleportation {unknown}
 h - a scroll of noise {unknown}
 k - 4 scrolls of amnesia {unknown}
 l - 3 scrolls of identify {unknown}
 s - a scroll of fear {unknown}
 x - 2 scrolls of enchant weapon {unknown}
 z - 2 scrolls of remove curse {unknown}
 A - a scroll of blinking {unknown}
 B - a scroll of enchant armour {unknown}
Potions
 d - 2 potions of lignification {unknown}
 e - 3 potions of degeneration {unknown}
 i - a potion of agility {unknown}
 j - 2 potions of flight {unknown}
 n - 5 potions of curing {unknown}
 u - 2 potions of heal wounds {unknown}
Comestibles
 b - 10 rations
 p - 6 chunks of flesh


   Skills:
 * Level 4.2 Fighting
 * Level 3.2 Throwing
 + Level 4.0 Dodging
 * Level 1.9 Stealth
 + Level 6.4 Unarmed Combat


You had 7 spell levels left.
You didn't know any spells.
Your spell library was empty.

Dungeon Overview and Level Annotations

Branches:
Dungeon (5/15)             Temple (0/1) D:4

Altars:


Innate Abilities, Weirdness & Mutations

You are too large for most types of armour.
You have claws for hands.
Your metabolism is lightning-fast.
You like to eat raw meat.
Your natural rate of healing is unusually fast.
You are covered in fur. (AC +1)
You have extremely tough skin. (AC +3)


Message History

You scratch the ice beast.
The ice beast is almost dead.
The gnoll misses you. The ice beast hits you.
* * * LOW HITPOINT WARNING * * *
The ice beast freezes you.
* * * LOW HITPOINT WARNING * * *
The gnoll hits you with a +0 whip.
* * * LOW HITPOINT WARNING * * *
You scratch the ice beast.
You kill the ice beast!
Trog accepts your kill.
Your Dodging skill increases to level 4!
The gnoll barely misses you.
You barely miss the gnoll. The gnoll hits you but does no damage.
You scratch the gnoll.
The gnoll is lightly wounded.
The gnoll hits you with a +0 whip.
* * * LOW HITPOINT WARNING * * *
The gnoll hits you with a +0 whip!
You die...

##...###....# #
............## .#
.......#.....## #.#
..............##..#
#....[............# .
#.............#...####..
.............).##.......
##.......#.....##.......
###...###......@†......
###....##......g.##....
#...#............... .
.#...#.................
.....##..#............>.
..#..##..#..............
............##..........
.......>.........#......
...............


You could see a gnoll.

Vanquished Creatures
  Sigmund (D:5)
  2 ice beasts (D:5)
  2 ogres (D:4)
  A wolf (D:5)
  Blork the orc (D:5)
  A hound (D:5)
  An orc priest (D:3)
  2 orc wizards (D:3)
  An iguana (D:4)
  2 worker ants
  3 hound skeletons
  A howler monkey zombie (D:5)
  6 adders
  7 gnolls
  A shadow imp (D:4)
  2 worms
  3 dart slugs
  2 leopard geckos
  9 orcs
  A ball python (D:1)
  4 giant cockroaches
  6 goblins
  9 hobgoblins
  7 jackals
  A quokka (D:3)
  3 bats
  5 frilled lizards
  6 kobolds
  A quokka skeleton (D:4)
  10 rats
101 creatures vanquished.

Notes
Turn   | Place    | Note
-------+----------+-------------------------------------------
     0 | D:1      | whitewolfNL the Troll Berserker began the quest for the
                  | Orb.
     0 | D:1      | Reached XP level 1. HP: 22/22 MP: 0/0
   141 | D:1      | Reached XP level 2. HP: 29/29 MP: 1/1
   831 | D:2      | Reached XP level 3. HP: 32/36 MP: 2/2
  1375 | D:2      | Reached XP level 4. HP: 43/45 MP: 3/3
  1589 | D:2      | Reached ** piety under Trog
  1948 | D:3      | Reached skill level 1 in Throwing
  2186 | D:3      | Reached XP level 5. HP: 36/53 MP: 4/4
  2202 | D:3      | Reached skill level 4 in Unarmed Combat
  2205 | D:3      | HP: 2/53 [orc/+0 trident (6)]
  2682 | D:4      | Reached skill level 1 in Stealth
  2682 | D:4      | Reached XP level 6. HP: 61/61 MP: 5/5
  2970 | D:4      | Found a staircase to the Ecumenical Temple.
  3005 | D:4      | Reached skill level 5 in Unarmed Combat
  3012 | D:4      | Reached *** piety under Trog
  3073 | D:5      | Entered Level 5 of the Dungeon
  3075 | D:5      | Noticed Blork the orc
  3084 | D:5      | Killed Blork the orc
  3084 | D:5      | Reached XP level 7. HP: 68/68 MP: 6/6
  3304 | D:5      | Noticed Sigmund
  3315 | D:5      | Killed Sigmund
  3315 | D:5      | Reached skill level 6 in Unarmed Combat
  3347 | D:5      | Reached XP level 8. HP: 29/78 MP: 7/7
  3350 | D:5      | HP: 3/78 [gnoll/+0 whip (4)]
  3353 | D:5      | Slain by a gnoll

Skill      XL: |  1  2  3  4  5  6  7  8 |
---------------+-------------------------+-----
Fighting       | 3 4 |  4.2
Dodging        | 3 4 |  4.0
Throwing       | 1 2 3 |  3.2
Unarmed Combat | 4 5 6 |  6.4
Stealth        | 1 |  1.9

Action                   |  1- 3 |  4- 6 |  7- 9 || total
-------------------------+-------+-------+-------++-------
Melee: Unarmed           |    73 |   161 |    57 ||   291
       Punch             |     2 |     3 |     1 ||     6
Invok: Berserk           |       |     5 |     2 ||     7
  Eat: Chunk             |    17 |    20 |     6 ||    43
Armor: Animal skin       |    20 |    53 |    17 ||    90
Dodge: Dodged            |    39 |    71 |    28 ||   138
